[ PARTIDA AOE2 · #513931148 ]
UnrankedCiv #60 vs Wei
Equipo del jugador · VICT
Equipo rival · DERR
[ ANÁLISIS DE REPETICIÓN · EXTRAÍDO DE LA PARTIDA GRABADA ]
Feudal
11:49
Castillos
22:55
Imperial
—
| APM promedio | 60.7 |
| APM pico | 96 |
| eAPM promedio | 24.5 |
| Aldeanos / militares | 81 / 58 |
Foco
⚔️ 46.6% · 🌾 53.4%
Archer ×26 · Ballestero montado ×18 · Militia ×7 · Spearman ×5 · Monk ×1 · Knight ×1
Feudal
8:50
Castillos
28:16
Imperial
—
| APM promedio | 65.2 |
| APM pico | 99 |
| eAPM promedio | 26.7 |
| Aldeanos / militares | 54 / 23 |
Foco
⚔️ 25.8% · 🌾 74.2%
Archer ×9 · Skirmisher ×7 · Scout Cavalry ×7 · Unknown (1949) ×3
Mapa de la partida
Recursos iniciales + cada clic de construcción. Líneas = muros · curvas = relieve. ◆ oro · ⬟ piedra · ● bayas · ✦ reliquia · ◌ hueco del cierre
Tu base· Abierta — hueco de 4t
Base de Theos· Abierta — flanco sin cerrar
Terreno inicial suavizado · ◌ = hueco del cierre detectado · pasá el cursor para detalles
Inputs por minuto
— DS_Champi WarrioR - - Theos
Build order — DS_Champi WarrioR
Primeras 150 de 269 acciones detectadas
| 0:01 | Encolar | Villager (Male) |
| 0:01 | Encolar | Villager (Male) |
| 0:01 | Encolar | Villager (Male) |
| 0:02 | Encolar | Villager (Male) |
| 0:02 | Encolar | Villager (Male) |
| 0:02 | Construir | House |
| 0:03 | Construir | House |
| 1:28 | Encolar | Villager (Male) |
| 1:28 | Encolar | Villager (Male) |
| 1:56 | Encolar | Villager (Male) |
| 1:57 | Encolar | Villager (Male) |
| 2:20 | Encolar | Villager (Male) |
| 2:20 | Encolar | Villager (Male) |
| 2:44 | Encolar | Villager (Male) |
| 2:44 | Encolar | Villager (Male) |
| 3:07 | Construir | House |
| 3:15 | Encolar | Villager (Male) |
| 3:15 | Encolar | Villager (Male) |
| 3:22 | Construir | Barracks |
| 3:41 | Encolar | Villager (Male) |
| 4:02 | Encolar | Villager (Male) |
| 4:24 | Construir | House |
| 4:27 | Encolar | Villager (Male) |
| 4:30 | Encolar | Militia |
| 4:31 | Encolar | Militia |
| 4:48 | Encolar | Militia |
| 4:54 | Encolar | Villager (Male) |
| 4:54 | Encolar | Villager (Male) |
| 5:06 | Encolar | Militia |
| 5:22 | Encolar | Villager (Male) |
| 5:22 | Encolar | Villager (Male) |
| 5:42 | Construir | House |
| 5:51 | Encolar | Villager (Male) |
| 5:51 | Encolar | Villager (Male) |
| 5:53 | Construir | Mill |
| 6:06 | Encolar | Villager (Male) |
| 6:29 | Encolar | Villager (Male) |
| 6:29 | Encolar | Villager (Male) |
| 6:38 | Construir | Palisade Wall |
| 6:40 | Construir | Palisade Wall |
| 6:43 | Construir | Palisade Wall |
| 6:45 | Construir | Palisade Wall |
| 6:48 | Construir | Palisade Wall |
| 6:48 | Encolar | Villager (Male) |
| 6:48 | Encolar | Villager (Male) |
| 6:51 | Construir | Lumber Camp |
| 7:02 | Encolar | Villager (Male) |
| 7:39 | Encolar | Villager (Male) |
| 8:01 | Construir | Mill |
| 8:19 | Investigar | Loom |
| 8:21 | Construir | Palisade Wall |
| 8:24 | Construir | Palisade Wall |
| 8:25 | Construir | Palisade Wall |
| 8:29 | Encolar | Villager (Male) |
| 8:42 | Construir | House |
| 8:45 | Construir | Palisade Wall |
| 8:46 | Construir | Palisade Wall |
| 8:46 | Construir | Palisade Wall |
| 8:46 | Construir | Palisade Wall |
| 8:47 | Construir | Palisade Wall |
| 8:47 | Construir | Palisade Wall |
| 8:47 | Construir | Palisade Wall |
| 8:47 | Construir | Palisade Wall |
| 8:48 | Construir | Palisade Wall |
| 8:53 | Construir | Palisade Wall |
| 9:03 | Encolar | Villager (Male) |
| 9:10 | Construir | Mining Camp |
| 9:39 | Investigar | Feudal Age |
| 9:39 | Investigar | Feudal Age |
| 9:43 | Construir | Palisade Wall |
| 9:55 | Encolar | Militia |
| 9:57 | Construir | House |
| 10:12 | Encolar | Militia |
| 10:15 | Construir | Farm |
| 10:17 | Construir | Farm |
| 10:31 | Encolar | Militia |
| 10:35 | Construir | Palisade Wall |
| 10:44 | Construir | Farm |
| 11:20 | Construir | Farm |
| 11:28 | Encolar | Villager (Male) |
| 11:49 | Edad | Edad Feudal |
| 11:50 | Investigar | Man-at-Arms (upgrade) |
| 12:03 | Encolar | Spearman |
| 12:04 | Investigar | Double-Bit Axe |
| 12:04 | Encolar | Villager (Male) |
| 12:14 | Encolar | Spearman |
| 12:33 | Encolar | Villager (Male) |
| 12:38 | Encolar | Villager (Male) |
| 12:55 | Construir | Archery Range |
| 13:12 | Encolar | Villager (Male) |
| 13:22 | Investigar | Horse Collar |
| 13:23 | Encolar | Villager (Male) |
| 13:33 | Encolar | Spearman |
| 13:43 | Construir | House |
| 13:48 | Encolar | Archer |
| 13:48 | Encolar | Archer |
| 13:56 | Encolar | Villager (Male) |
| 14:01 | Construir | House |
| 14:16 | Encolar | Villager (Male) |
| 14:20 | Encolar | Archer |
| 14:24 | Construir | Farm |
| 14:38 | Encolar | Villager (Male) |
| 14:39 | Construir | House |
| 14:50 | Construir | Watch Tower |
| 14:54 | Encolar | Villager (Male) |
| 14:54 | Encolar | Archer |
| 14:58 | Construir | House |
| 15:08 | Construir | House |
| 15:18 | Encolar | Villager (Male) |
| 15:46 | Encolar | Archer |
| 15:47 | Encolar | Villager (Male) |
| 15:56 | Encolar | Villager (Male) |
| 15:58 | Construir | Blacksmith |
| 16:05 | Encolar | Archer |
| 16:08 | Encolar | Villager (Male) |
| 16:10 | Construir | Farm |
| 16:12 | Construir | Farm |
| 16:31 | Encolar | Villager (Male) |
| 16:33 | Construir | House |
| 16:36 | Construir | House |
| 16:46 | Construir | Lumber Camp |
| 16:48 | Construir | Palisade Wall |
| 16:51 | Investigar | Fletching |
| 16:54 | Construir | Farm |
| 17:09 | Encolar | Archer |
| 17:13 | Construir | Palisade Wall |
| 17:14 | Construir | Palisade Wall |
| 17:17 | Construir | Palisade Wall |
| 17:17 | Construir | Palisade Wall |
| 17:20 | Encolar | Villager (Male) |
| 17:22 | Construir | Farm |
| 17:33 | Encolar | Archer |
| 17:46 | Construir | Archery Range |
| 18:04 | Construir | Outpost |
| 18:06 | Encolar | Villager (Male) |
| 18:08 | Construir | Farm |
| 18:09 | Construir | Farm |
| 18:12 | Construir | Palisade Wall |
| 18:57 | Encolar | Villager (Male) |
| 18:58 | Encolar | Archer |
| 19:00 | Construir | House |
| 19:07 | Construir | Farm |
| 19:15 | Encolar | Archer |
| 19:15 | Encolar | Archer |
| 19:25 | Construir | House |
| 19:26 | Encolar | Villager (Male) |
| 19:30 | Construir | Palisade Gate |
| 19:46 | Construir | Archery Range |
| 20:09 | Construir | Farm |
| 20:15 | Investigar | Castle Age |
Build order — Theos
Primeras 150 de 175 acciones detectadas
| 0:00 | Encolar | Villager (Male) |
| 0:00 | Encolar | Villager (Male) |
| 0:01 | Encolar | Villager (Male) |
| 0:02 | Construir | House |
| 0:03 | Construir | House |
| 0:08 | Encolar | Villager (Male) |
| 0:08 | Encolar | Villager (Male) |
| 1:26 | Encolar | Villager (Male) |
| 1:54 | Encolar | Villager (Male) |
| 2:15 | Construir | Mill |
| 2:22 | Encolar | Villager (Male) |
| 2:22 | Encolar | Villager (Male) |
| 2:45 | Encolar | Villager (Male) |
| 3:03 | Encolar | Villager (Male) |
| 3:03 | Encolar | Villager (Male) |
| 3:18 | Encolar | Villager (Male) |
| 3:47 | Encolar | Villager (Male) |
| 3:49 | Construir | House |
| 4:06 | Encolar | Villager (Male) |
| 4:31 | Construir | Lumber Camp |
| 4:37 | Encolar | Villager (Male) |
| 4:44 | Encolar | Villager (Male) |
| 5:33 | Encolar | Villager (Male) |
| 5:37 | Investigar | Loom |
| 6:09 | Investigar | Loom |
| 6:23 | Construir | Palisade Wall |
| 6:26 | Construir | Palisade Wall |
| 6:37 | Investigar | Feudal Age |
| 6:51 | Encolar | Villager (Male) |
| 7:09 | Construir | Lumber Camp |
| 7:34 | Construir | House |
| 8:08 | Encolar | Villager (Male) |
| 8:31 | Construir | Barracks |
| 8:50 | Edad | Edad Feudal |
| 9:24 | Construir | Stable |
| 9:32 | Encolar | Villager (Male) |
| 9:47 | Construir | House |
| 9:52 | Encolar | Villager (Male) |
| 10:02 | Investigar | Double-Bit Axe |
| 10:03 | Encolar | Scout Cavalry |
| 10:10 | Encolar | Villager (Male) |
| 10:18 | Construir | House |
| 10:45 | Construir | Farm |
| 10:45 | Construir | Farm |
| 10:45 | Construir | Farm |
| 10:47 | Encolar | Villager (Male) |
| 10:48 | Encolar | Scout Cavalry |
| 10:52 | Construir | Palisade Wall |
| 11:23 | Construir | Farm |
| 11:23 | Encolar | Villager (Male) |
| 11:28 | Construir | Farm |
| 11:39 | Encolar | Scout Cavalry |
| 11:47 | Construir | Farm |
| 12:10 | Construir | Watch Tower |
| 12:54 | Encolar | Villager (Male) |
| 13:03 | Construir | Farm |
| 13:08 | Construir | Farm |
| 13:09 | Encolar | Scout Cavalry |
| 13:10 | Encolar | Villager (Male) |
| 13:16 | Construir | Archery Range |
| 13:18 | Construir | Palisade Wall |
| 13:28 | Construir | House |
| 13:29 | Encolar | Villager (Male) |
| 13:38 | Construir | Mining Camp |
| 13:44 | Construir | Palisade Wall |
| 13:48 | Construir | Palisade Wall |
| 13:51 | Construir | Palisade Wall |
| 13:59 | Construir | Palisade Wall |
| 14:08 | Encolar | Villager (Male) |
| 14:08 | Encolar | Archer |
| 14:13 | Construir | Farm |
| 14:18 | Construir | Palisade Wall |
| 14:22 | Construir | Palisade Wall |
| 14:27 | Construir | Palisade Wall |
| 14:33 | Encolar | Villager (Male) |
| 14:38 | Encolar | Scout Cavalry |
| 14:40 | Construir | Farm |
| 14:42 | Encolar | Villager (Male) |
| 15:08 | Construir | Farm |
| 15:09 | Encolar | Villager (Male) |
| 15:18 | Encolar | Archer |
| 15:18 | Encolar | Archer |
| 15:31 | Encolar | Scout Cavalry |
| 15:44 | Encolar | Archer |
| 15:56 | Encolar | Villager (Male) |
| 15:56 | Encolar | Villager (Male) |
| 15:59 | Construir | Farm |
| 16:18 | Encolar | Archer |
| 16:34 | Encolar | Villager (Male) |
| 16:45 | Encolar | Archer |
| 16:49 | Encolar | Villager (Male) |
| 16:52 | Construir | Farm |
| 17:08 | Encolar | Skirmisher |
| 17:10 | Encolar | Scout Cavalry |
| 17:16 | Construir | House |
| 17:31 | Encolar | Villager (Male) |
| 17:38 | Construir | Blacksmith |
| 17:43 | Encolar | Skirmisher |
| 17:46 | Encolar | Villager (Male) |
| 18:06 | Construir | Farm |
| 18:07 | Construir | Farm |
| 18:15 | Construir | House |
| 18:21 | Encolar | Villager (Male) |
| 18:31 | Investigar | Fletching |
| 18:33 | Construir | House |
| 18:35 | Encolar | Archer |
| 18:42 | Construir | Farm |
| 18:56 | Encolar | Villager (Male) |
| 19:07 | Encolar | Archer |
| 19:10 | Construir | Farm |
| 19:10 | Encolar | Villager (Male) |
| 19:14 | Construir | Mining Camp |
| 19:25 | Encolar | Archer |
| 19:26 | Encolar | Villager (Male) |
| 19:38 | Construir | Mill |
| 19:58 | Encolar | Skirmisher |
| 20:08 | Encolar | Villager (Male) |
| 20:20 | Construir | Watch Tower |
| 20:28 | Encolar | Villager (Male) |
| 20:47 | Investigar | Horse Collar |
| 20:48 | Investigar | Horse Collar |
| 20:54 | Investigar | Padded Archer Armor |
| 20:55 | Encolar | Skirmisher |
| 21:03 | Encolar | Villager (Male) |
| 21:10 | Encolar | Skirmisher |
| 21:23 | Construir | Farm |
| 21:24 | Encolar | Villager (Male) |
| 21:25 | Construir | Farm |
| 21:34 | Construir | Palisade Wall |
| 21:45 | Encolar | Villager (Male) |
| 21:49 | Construir | Watch Tower |
| 21:55 | Encolar | Skirmisher |
| 21:55 | Encolar | Skirmisher |
| 22:06 | Encolar | Villager (Male) |
| 22:42 | Encolar | Villager (Male) |
| 23:04 | Encolar | Villager (Male) |
| 23:08 | Construir | Watch Tower |
| 23:12 | Investigar | Town Watch |
| 23:23 | Construir | Market |
| 24:18 | Construir | Watch Tower |
| 24:30 | Encolar | Villager (Male) |
| 24:31 | Encolar | Villager (Male) |
| 24:52 | Construir | Market |
| 25:04 | Investigar | Wheelbarrow |
| 25:06 | Construir | House |
| 25:36 | Investigar | Castle Age |
| 25:36 | Investigar | Castle Age |
| 25:55 | Investigar | Stone Mining |
| 25:55 | Investigar | Stone Mining |
| 26:40 | Construir | Mining Camp |
Cronología de la partida
| 3:22 | DS_Champi WarrioR · first_building Barracks |
| 6:23 | Theos · wall_segment Palisade Wall x1 |
| 6:26 | Theos · wall_segment Palisade Wall x1 |
| 6:38 | DS_Champi WarrioR · wall_segment Palisade Wall x1 |
| 6:40 | DS_Champi WarrioR · wall_segment Palisade Wall x1 |
| 6:43 | DS_Champi WarrioR · wall_segment Palisade Wall x1 |
| 6:45 | DS_Champi WarrioR · wall_segment Palisade Wall x1 |
| 6:48 | DS_Champi WarrioR · wall_segment Palisade Wall x1 |
| 8:21 | DS_Champi WarrioR · wall_segment Palisade Wall x1 |
| 8:24 | DS_Champi WarrioR · wall_segment Palisade Wall x1 |
| 8:25 | DS_Champi WarrioR · wall_segment Palisade Wall x1 |
| 8:31 | Theos · first_building Barracks |
| 8:45 | DS_Champi WarrioR · wall_segment Palisade Wall x1 |
| 8:46 | DS_Champi WarrioR · wall_segment Palisade Wall x1 |
| 8:46 | DS_Champi WarrioR · wall_segment Palisade Wall x2 |
| 8:46 | DS_Champi WarrioR · wall_segment Palisade Wall x2 |
| 8:47 | DS_Champi WarrioR · wall_segment Palisade Wall x2 |
| 8:47 | DS_Champi WarrioR · wall_segment Palisade Wall x1 |
| 8:47 | DS_Champi WarrioR · wall_segment Palisade Wall x2 |
| 8:47 | DS_Champi WarrioR · wall_segment Palisade Wall x2 |
| 8:48 | DS_Champi WarrioR · wall_segment Palisade Wall x1 |
| 8:50 | Theos · age_up feudal |
| 8:53 | DS_Champi WarrioR · wall_segment Palisade Wall x1 |
| 9:24 | Theos · first_building Stable |
| 9:43 | DS_Champi WarrioR · wall_segment Palisade Wall x1 |
| 10:35 | DS_Champi WarrioR · wall_segment Palisade Wall x1 |
| 10:52 | Theos · wall_segment Palisade Wall x1 |
| 11:49 | DS_Champi WarrioR · age_up feudal |
| 12:55 | DS_Champi WarrioR · first_building Archery Range |
| 13:16 | Theos · first_building Archery Range |
| 13:18 | Theos · wall_segment Palisade Wall x1 |
| 13:44 | Theos · wall_segment Palisade Wall x1 |
| 13:48 | Theos · wall_segment Palisade Wall x1 |
| 13:51 | Theos · wall_segment Palisade Wall x1 |
| 13:59 | Theos · wall_segment Palisade Wall x1 |
| 14:18 | Theos · wall_segment Palisade Wall x1 |
| 14:22 | Theos · wall_segment Palisade Wall x1 |
| 14:27 | Theos · wall_segment Palisade Wall x1 |
| 16:48 | DS_Champi WarrioR · wall_segment Palisade Wall x6 |
| 17:13 | DS_Champi WarrioR · wall_segment Palisade Wall x1 |
| 17:14 | DS_Champi WarrioR · wall_segment Palisade Wall x1 |
| 17:17 | DS_Champi WarrioR · wall_segment Palisade Wall x1 |
| 17:17 | DS_Champi WarrioR · wall_segment Palisade Wall x1 |
| 18:12 | DS_Champi WarrioR · wall_segment Palisade Wall x1 |
| 21:22 | DS_Champi WarrioR · wall_segment Palisade Wall x1 |
| 21:28 | DS_Champi WarrioR · wall_segment Stone Wall x2 |
| 21:34 | Theos · wall_segment Palisade Wall x1 |
| 22:55 | DS_Champi WarrioR · age_up castle |
| 25:04 | DS_Champi WarrioR · first_building Stable |
| 25:25 | Theos · first_market_buy 500 food |
| 25:26 | Theos · first_market_sell 500 wood |
| 27:52 | Theos · wall_segment Palisade Wall x1 |
| 28:16 | Theos · age_up castle |
| 28:23 | Theos · first_building Castle |
| 29:03 | DS_Champi WarrioR · first_market_buy 100 stone |
| 29:22 | DS_Champi WarrioR · first_building Monastery |
| 30:39 | Theos · resign |
[ ANÁLISIS IA · 1 CRÉDITO ]
¿Qué pasó realmente en esta partida?
Wolo.gg analiza cada decisión: build order, eco, micro, errores típicos por bracket. Análisis personalizado por WhatsApp o Discord en 30 segundos.
Guía civ
Civ #60
Perfil
Jugador #4358030